 Dungeon Crawl Stone Soup version 0.29.1-15-g9cfb28693d (webtiles) character file.

Game seed: 6406419953669560373

3023 protoss039 the Trooper (level 9, -8/72 HPs)
             Began as a Demonspawn Earth Elementalist on Mar 13, 2023.
             Was a Follower of Vehumet.
             Mangled by a yak (13 damage)
             ... on level 8 of the Dungeon.
             The game lasted 00:13:01 (5148 turns).

protoss039 the Trooper (DsEE)                       Turns: 5148, Time: 00:13:01

Health: -8/72      AC:  6    Str:  9    XL:     9   Next: 55%
Magic:  9/17       EV: 12    Int: 21    God:    Vehumet [*.....]
Gold:   279        SH:  0    Dex: 13    Spells: 12/18 levels left

rFire   . . .      SeeInvis .   q - +2 short sword (speed)
rCold   . . .      Faith    .   (no shield)
rNeg    + . .      Spirit   .   g - +0 ring mail
rPois   .          Reflect  .   (no helmet)
rElec   .          Harm     .   (no cloak)
rCorr   .          Rampage  .   (no gloves)
Will    .....                   (no boots)
Stlth   +.........              k - amulet of regeneration
HPRegen 1.02/turn               h - ring of positive energy
MPRegen 0.15/turn               j - ring of flight

@: flying
A: claws 1, repulsion field 1, demonic guardian 1, powered by death 2
a: Renounce Religion


You were on level 8 of the Dungeon.
You worshipped Vehumet.
Vehumet was aware of your devotion.
You visited 1 branch of the dungeon, and saw 8 of its levels.

You collected 279 gold pieces.

Inventory:

Hand Weapons
 d - a +2 vorpal spear
 q - a +2 short sword of speed (weapon)
 t - a +2 vorpal sling
Missiles
 f - 3 silver javelins
 s - a throwing net
Armour
 g - a +0 ring mail (worn)
Jewellery
 h - a ring of positive energy (left claw)
 j - a ring of flight (right claw)
 k - an amulet of regeneration (around neck)
 o - an amulet of magic regeneration
Wands
 y - a wand of polymorph (4)
Scrolls
 e - a scroll of silence {unknown}
 i - a scroll of magic mapping {unknown}
 l - a scroll of identify
 m - 2 scrolls of blinking
 n - a scroll of vulnerability {unknown}
 p - a scroll of enchant weapon
 r - a scroll of fear {unknown}
 w - a scroll of torment {unknown}
Potions
 a - 2 potions of mutation
 b - a potion of magic
 c - a potion of invisibility {unknown}
 u - a potion of resistance {unknown}
 v - a potion of haste {unknown}
 x - 4 potions of lignification {unknown}
 z - a potion of might {unknown}


   Skills:
 * Level 7.0 Fighting
 * Level 5.8 Armour
 - Level 1.7 Dodging
 - Level 1.7 Stealth
 + Level 5.4 Spellcasting
 + Level 4.5 Conjurations
 - Level 0.8 Transmutations
 + Level 5.7 Earth Magic


You had 12 spell levels left.
You knew the following spells:

 Your Spells              Type           Power      Damage    Failure   Level
a - Sandblast             Erth           58%        2d13      2%          1
b - Passwall              Tmut/Erth      15%        N/A       10%         2
c - Stone Arrow           Conj/Erth      54%        3d10      9%          3

Your spell library contained the following spells:

 Spells                   Type           Power      Damage    Failure   Level
 Freeze                   Ice            20%        1d4       26%         1
 Petrify                  Tmut/Erth      19%        N/A       54%         4
 Gell's Gravitas          Tloc           5%         N/A       58%         3
 Lesser Beckoning         Tloc           5%         N/A       58%         3
 Teleport Other           Tloc           5%         N/A       58%         3


Dungeon Overview and Level Annotations

Branches:
Dungeon (9/15) Zot: 26533
 Temple: D:4-7         Lair: D:8-11         Orc: D:9-12

Altars:
Cheibriados
Fedhas
Kikubaaqudgha
Sif Muna
Vehumet
Wu Jian

Annotations:
D:2 exclusion: upstairs
D:4 Edmund


Innate Abilities, Weirdness & Mutations

You have sharp fingernails.
You are surrounded by a mild repulsion field. (EV +2)
A weak demonic guardian rushes to your aid.
You regenerate health from kills.


Message History

The wyvern hisses angrily.
The yak gores you.
The wyvern hisses menacingly.
The yak gores you but does no damage. The basilisk gazes at you.
The yak gores you! The basilisk gazes at you. The yak gores you!
A yak comes into view.
The basilisk bites you! The wyvern bites you! The yak gores you.
The basilisk bites you but does no damage.
The wyvern bites you.
The wyvern hisses menacingly.
The wyvern bites you! The yak gores you!
A demonic guardian appears!
The basilisk bites you!
You turn to flesh and can move again.
Unknown command.
Unknown command.
Unknown command.
Casting: Stone Arrow (dangerous; 9% risk of failure)
Confirm with . or Enter, or press ? or * to list all spells.
Aiming: Passwall (safe; 10% risk of failure)
Press: ? - help, Dir - move target, p - basilisk A rock wall.
The wyvern misses you. The yak gores you! The basilisk closely misses you.
Your ufetubus barely misses the scorpion. x2
The wyvern closely misses you.
You begin to meditate on the wall.
You continue meditating on the rock.
Your ufetubus barely misses the scorpion.
Your ufetubus hits the scorpion. The wyvern bites you!
* * * LOW HITPOINT WARNING * * *
The yak completely misses you. The basilisk closely misses you.
Your ufetubus closely misses the scorpion.
Your ufetubus hits the scorpion but does no damage.
You continue meditating on the rock.
The wyvern bites you!
* * * LOW HITPOINT WARNING * * *
The yak gores you!
You die...

#............# ..#
.............##...(
.............##..P.
.................P
.#.####...........
.#.####......#.#)#
.#.............#.#
################l#
l
..............sl@#


Y.P #############.5Y##..... #...Y†Y..... #....#...... #.......s... #..........P
#.###....... #. ......P #. ....... You could see 2 yaks, a basilisk, a wyvern, a
scorpion (ally target) and a friendly ufetubus (summoned).

Vanquished Creatures
  A shadow (D:9)
  7 yaks (D:8)
  A basilisk (D:8)
  2 steam dragons (D:9)
  3 water moccasins (D:8)
  2 black bears
  2 ice beasts
  A centaur (D:9)
  5 howler monkeys
  3 hounds
  A gnoll bouda (D:8)
  2 iguanas (D:5)
  5 orc wizards
  4 adders
  6 gnolls
  A shadow imp (D:5)
  A worm (D:5)
  2 dart slugs
  23 orcs
  5 ball pythons
  3 endoplasms
  3 giant cockroaches
  7 goblins
  5 hobgoblins
  8 kobolds
  6 quokkas
  4 bats
  A frilled lizard (D:3)
  3 rats (D:1)
117 creatures vanquished.

Vanquished Creatures (collateral kills)
  An orc (D:8)
1 creature vanquished.

Vanquished Creatures (others)
  12 fungi
  13 plants (D:8)
25 creatures vanquished.

Grand Total: 143 creatures vanquished

Notes
Turn   | Place    | Note
-------+----------+-------------------------------------------
     0 | D:1      | protoss039 the Demonspawn Earth Elementalist began the
                  | quest for the Orb.
     0 | D:1      | Reached XP level 1. HP: 13/13 MP: 3/3
   187 | D:2      | Found a snail-covered altar of Cheibriados.
   190 | D:2      | Reached skill level 1 in Fighting
   190 | D:2      | Gained mutation: You regenerate a little health from kills.
                  | [demonic ancestry]
   190 | D:2      | Reached XP level 2. HP: 21/21 MP: 1/5
   249 | D:2      | Learned a level 2 spell: Passwall
   697 | D:1      | Reached XP level 3. HP: 13/26 MP: 4/6
  1458 | D:1      | Learned a level 3 spell: Stone Arrow
  1918 | D:3      | Found a faded altar of an unknown god.
  1934 | D:3      | Gained mutation: You have sharp fingernails. [demonic
                  | ancestry]
  1934 | D:3      | Reached XP level 4. HP: 22/33 MP: 3/8
  2190 | D:3      | Reached skill level 2 in Fighting
  2379 | D:3      | Found an ornate altar of the Wu Jian Council.
  2596 | D:4      | Gained mutation: You are surrounded by a mild repulsion
                  | field. (EV +2) [demonic ancestry]
  2596 | D:4      | Reached XP level 5. HP: 36/39 MP: 9/9
  2725 | D:4      | Noticed Edmund
  2798 | D:4      | Noticed an ice beast
  2808 | D:4      | HP: 1/39 [ice beast (5)]
  2809 | D:4      | Killed an ice beast
  2810 | D:4      | Reached skill level 3 in Fighting
  2810 | D:4      | Reached skill level 1 in Armour
  3072 | D:4      | Found a radiant altar of Vehumet.
  3082 | D:4      | Became a worshipper of Vehumet
  3125 | D:4      | Found an ancient bone altar of Kikubaaqudgha.
  3128 | D:4      | Reached skill level 1 in Conjurations
  3128 | D:4      | Reached XP level 6. HP: 47/47 MP: 9/11
  3147 | D:4      | Found a shimmering blue altar of Sif Muna.
  3487 | D:5      | Entered Level 5 of the Dungeon
  3965 | D:5      | Gained mutation: A weak demonic guardian rushes to your
                  | aid. [demonic ancestry]
  3965 | D:5      | Reached XP level 7. HP: 35/53 MP: 6/12
  4121 | D:6      | Reached skill level 4 in Fighting
  4248 | D:6      | Found a blossoming altar of Fedhas.
  4286 | D:5      | HP: 1/54 [ice beast (7)]
  4400 | D:6      | You are sucked into a shaft and drop 3 floors!
  4456 | D:9      | Noticed a shadow
  4463 | D:9      | HP: 2/55 [shadow (1)]
  4464 | D:9      | Killed a shadow
  4534 | D:9      | Noticed a steam dragon
  4544 | D:9      | Killed a steam dragon
  4545 | D:9      | Gained mutation: You regenerate health from kills. [demonic
                  | ancestry]
  4545 | D:9      | Reached XP level 8. HP: 24/61 MP: 3/14
  4628 | D:9      | Reached skill level 5 in Fighting
  4649 | D:9      | Noticed a two-headed ogre
  4700 | D:8      | Reached skill level 5 in Earth Magic
  4717 | D:8      | HP: 2/63 [yak (7)]
  4721 | D:8      | Reached * piety under Vehumet
  4721 | D:8      | Offered knowledge of Freeze by Vehumet.
  4722 | D:8      | Reached skill level 6 in Fighting
  4723 | D:8      | Reached XP level 9. HP: 18/69 MP: 6/16
  4727 | D:8      | Reached skill level 5 in Armour
  4727 | D:8      | Reached skill level 5 in Spellcasting
  5136 | D:8      | Reached skill level 7 in Fighting
  5148 | D:8      | Mangled by a yak

Illustrated notes

Levels and vault maps discovered:
D:1:      dpeg_arrival_concentric_ovals, layout_loops_corners, minmay_vboxes
D:2:      layout_rooms, basic_altar
D:3:      layout_rooms, mainiacjoe_overflow_alcove_4,
          hellmonk_ecumenical_altar_pennies_from_heaven
D:4:      layout_rooms, palyth_temple_overflow_mages, serial_aquarium,
          aquarium_bridge_square [aquarium_subvault_bridge,
          aquarium_subvault_wall, aquarium_subvault_wall,
          aquarium_subvault_wall], aquarium_window_corridor_2,
          aquarium_window_fake, aquarium_window_fake, aquarium_view_2e,
          aquarium_balcony_3a, aquarium_pool_split, uniq_edmund
D:5:      layout_rooms
D:6:      layout_rooms, fedhas_bush_and_centaur_altar,
          mainiacjoe_overflow_alcove_2, temple_doors_ab
D:8:      layout_basic, cheibriados_altar_1, mainiacjoe_overflow_chevrons,
          minitemple, minmay_lair_entry_grove, chequers_serial_rivers_micro_c,
          nicolae_elemental_shop
D:9:      layout_cross, tso_oasis_becter

Skill      XL: |  1  2  3  4  5  6  7  8  9 |
---------------+----------------------------+-----
Fighting       | 1 2 3 4 6 7 |  7.0
Earth Magic    | 3 4 5 |  5.7
Spellcasting   | 3 4 5 |  5.4
Armour         | 1 2 3 4 5 |  5.8
Conjurations   | 1 2 3 4 |  4.5
Dodging        | |  1.7
Stealth        | |  1.7
Transmutations | |  0.8

Action                   |  1- 3 |  4- 6 |  7- 9 || total
-------------------------+-------+-------+-------++-------
Melee: Unarmed           |     5 |       |       ||     5
       Spear             |    60 |    39 |     5 ||   104
       Short sword       |       |       |    16 ||    16
 Fire: Sling             |       |    37 |    26 ||    63
 Cast: Sandblast         |    32 |    73 |    41 ||   146
       Passwall          |       |     2 |     1 ||     3
       Stone Arrow       |       |       |    20 ||    20
  Use: Scroll            |       |     7 |     3 ||    10
       Potion            |       |       |     2 ||     2
 Stab: Sleeping          |     2 |       |       ||     2
Armor: Robe              |     8 |       |       ||     8
       Ring mail         |    17 |    49 |    34 ||   100
Dodge: Dodged            |    34 |    68 |    71 ||   173
